 Dungeon Crawl Stone Soup version 0.28-a0-1594-ga885d4b3d6 (webtiles) character file.

Game seed: 14791474818087352048

384 EnemyBeauty the Chopper (level 6, -2/53 HPs)
             Began as a Minotaur Gladiator on Dec 14, 2021.
             Was an Initiate of Ru.
             Killed by divine providence
             ... invoked by an orc priest
              (9 damage)
             ... on level 3 of the Dungeon on Jan 20, 2022.
             The game lasted 00:18:51 (4430 turns).

EnemyBeauty the Chopper (Minotaur Gladiator)        Turns: 4430, Time: 00:18:52

Health: -2/53      AC:  5    Str: 21    XL:     6   Next: 47%
Magic:  5/5        EV: 12    Int:  5    God:    Ru [......]
Gold:   107        SH:  0    Dex: 11    Spells: 5/5 levels left

rFire   . . .      SeeInvis .   a - +0 war axe
rCold   . . .      Faith    .   (no shield)
rNeg    . . .      Spirit   .   o - +0 ring mail
rPois   .          Reflect  .   c - +0 hat
rElec   .          Harm     .   (no cloak)
rCorr   .          Rampage  .   (no gloves)
Will    .....                   (no boots)
Stlth   +.........              (no amulet)
HPRegen 0.17/turn               (no ring)
MPRegen 0.09/turn               (no ring)

@: no status effects
A: horns 2, retaliatory headbutt
a: Renounce Religion


You were on level 3 of the Dungeon.
You worshipped Ru.
Ru was noncommittal.
You visited 1 branch of the dungeon, and saw 4 of its levels.

You collected 107 gold pieces.

Inventory:

Hand Weapons
 a - a +0 war axe (weapon)
 e - a +0 hunting sling
 g - a +0 whip
 j - a +0 club
 k - a +0 whip
 n - a +0 whip
 p - a +0 whip
 q - a +0 short sword
 s - a +0 dagger
 t - a +0 dagger
 u - a +0 antimagic whip
 v - a +0 short sword
 w - a +0 whip
 x - a +0 dagger
 y - a +0 spear
 z - a +0 dagger
 B - a +0 short sword
 D - a +0 dagger
 E - a +0 dagger
 G - a +0 dagger
 I - a +0 spear
 J - a +3 dagger
 K - a +0 short sword
 L - a +0 dagger
 N - a +0 hunting sling
 O - a +0 mace
 P - a +0 spear
 S - a +0 club
 T - a +0 short sword
 V - a +0 dagger
 W - a +0 hunting sling
Missiles
 d - 3 throwing nets (quivered)
 h - 130 stones
 i - 14 arrows
 U - 6 poisoned darts
Armour
 b - a +0 leather armour
 c - a +0 hat (worn)
 l - a +0 leather armour
 o - a +0 ring mail (worn)
 A - a +0 leather armour
 H - a +0 ring mail
 M - a +0 robe
Jewellery
 R - a ring of flight
Scrolls
 f - a scroll of identify {unknown}
 r - a scroll of fog {unknown}
 F - a scroll of blinking {unknown}
 Q - a scroll of noise {unknown}
Potions
 m - 5 potions of curing
 C - 2 potions of lignification {unknown}


   Skills:
 + Level 4.6 Fighting
 + Level 5.4 Axes
 + Level 3.8 Throwing
 + Level 4.9 Dodging


You had 5 spell levels left.
You didn't know any spells.
Your spell library was empty.

Dungeon Overview and Level Annotations

Branches:
Dungeon (4/15)
 Temple: D:4-7

Altars:
Ru


Innate Abilities, Weirdness & Mutations

You have a pair of horns on your head.
You reflexively headbutt those who attack you in melee.


Message History

You slash the hobgoblin!
You kill the hobgoblin!
There is a stone staircase leading up here.
You climb upwards.
There is a stone staircase leading down here.
You start resting.
HP restored.
There is a stone staircase leading down here.
You climb downwards.
The orc priest mumbles some strange prayers to Beogh against you.
Pain shoots through your body! The orc misses you.
The orc hits you but does no damage.
There is a stone staircase leading up here.
You hit the orc priest.
The orc priest is moderately wounded.
You hit the orc.
The orc priest mumbles some strange prayers to Beogh against you.
Beogh smites you! The orc hits you but does no damage.
You barely miss the orc priest.
The orc priest is moderately wounded.
You barely miss the orc. The orc priest hits you with a +0 club.
The orc hits you with a +0 club.
You hit the orc priest.
The orc priest is severely wounded.
You hit the orc.
You kill the orc!
The orc priest looks satisfied for a moment.
You hit the orc priest.
You headbutt the orc priest, but do no damage.
The orc priest is almost dead.
The orc priest mumbles some strange prayers to Beogh against you.
Beogh smites you!
* * * LOW HITPOINT WARNING * * *
The orc priest begins to cast a cantrip, but forgets the words!
The orc priest barely misses you.
You climb upwards.
There is a stone staircase leading down here.
The orc priest calls down the wrath of Beogh upon you.
Beogh smites you!
You die...

#...........<..#
#....##......
###.....###.##.#
#.......##### #.....# #.##.#
#.......# ## ###.#####.##.#
#.......##### .##
#.......##.# #.....†......
..# ##########.#
#.......##### ..## #o#
#.......#
##.##############.#
#.......#
#..............@.#####...###
##.##############.........#
..## #######...# ### #####


You could see an orc priest.

Vanquished Creatures
  A scorpion (D:4)
  A water moccasin skeleton (D:4)
  2 hounds (D:4)
  A jelly (D:3)
  An orc wizard (D:3)
  3 gnolls (D:3)
  2 adders (D:2)
  4 worms
  4 dart slugs
  2 orcs
  7 ball pythons
  11 bats
  5 endoplasms
  3 giant cockroaches
  9 goblins
  6 hobgoblins
  11 jackals
  2 quokkas
  4 frilled lizards
  9 kobolds
  3 rats
91 creatures vanquished.

Notes
Turn   | Place    | Note
-------+----------+-------------------------------------------
     0 | D:1      | EnemyBeauty the Minotaur Gladiator began the quest for the
                  | Orb.
     0 | D:1      | Reached XP level 1. HP: 18/18 MP: 0/0
   133 | D:1      | Found a faded altar of an unknown god.
   193 | D:1      | Reached XP level 2. HP: 25/25 MP: 1/1
   195 | D:1      | Upgraded the game from 0.28-a0-1152-g9c71ebef14 to
                  | 0.28-a0-1594-ga885d4b3d6
   667 | D:1      | Reached skill level 4 in Axes
   773 | D:1      | Reached XP level 3. HP: 26/30 MP: 2/2
  1746 | D:2      | Reached XP level 4. HP: 31/38 MP: 3/3
  2530 | D:3      | Reached XP level 5. HP: 37/46 MP: 4/4
  3315 | D:3      | Found a sacrificial altar of Ru.
  3457 | D:3      | Became a worshipper of Ru the Awakened
  3955 | D:4      | Reached skill level 5 in Axes
  3985 | D:4      | Reached XP level 6. HP: 42/52 MP: 5/5
  4430 | D:3      | Killed from afar by an orc priest

Illustrated notes

Levels and vault maps discovered:
D:1:      dpeg_arrival_rooms_with_view, layout_basic,
          shapermc_ecumenical_altar_pompeii
D:2:      layout_rooms
D:3:      layout_loops_ring, nicolae_ru_great_annihilating_truth,
          minmay_surrounded
D:4:      layout_basic

Skill      XL: |  1  2  3  4  5 |
---------------+----------------+-----
Axes           | 4 5 |  5.4
Fighting       | 3 4 |  4.6
Dodging        | 4 |  4.9
Throwing       | 3 |  3.8

Action                   |  1- 3 |  4- 6 || total
-------------------------+-------+-------++-------
Melee: War axe           |    77 |   107 ||   184
       Headbutt          |    12 |    21 ||    33
       Punch             |     2 |     1 ||     3
  Use: Potion            |       |     3 ||     3
 Stab: Paralysed         |       |     1 ||     1
Armor: Leather armour    |    28 |       ||    28
       Ring mail         |     4 |    37 ||    41
Dodge: Dodged            |    56 |    78 ||   134

Table legend: (Time is in decaauts)
 A = Elapsed time spent in this place.
 B = Non-inter-level travel time spent in this place.
 C = Inter-level travel time spent in this place.
 D = Time resting spent in this place.
 E = Time spent auto-exploring this place.
 F = Levels seen in this place.
 G = Mean time per level.
                   A        B        C        D        E       F      G
               +--------+--------+--------+--------+--------+-----+--------+
         Total |   4501 |   4445 |     56 |   1368 |   1792 |   4 | 1125.2 |
       Dungeon |   4501 |   4445 |     56 |   1368 |   1792 |   4 | 1125.2 |
               +--------+--------+--------+--------+--------+-----+--------+

Top non-repeatable levels by time:
     D:1: 1402 daAuts
     D:3: 1232 daAuts
     D:2: 1213 daAuts
     D:4: 654 daAuts
